 Dungeon Crawl Stone Soup version 0.32-a0-290-g598725c5f2 (webtiles) character file.

Game seed: 10271315272432080762

6560 cforsyth the Fighter (level 11, -6/89 HPs)
             Began as a Djinni Hexslinger on Feb 13, 2024.
             Killed by an exploding two-headed ogre (11 damage)
             ... ignited by their inner flame
             ... on level 9 of the Dungeon.
             The game lasted 00:14:06 (9160 turns).

cforsyth the Fighter (Djinni Hexslinger)            Turns: 9160, Time: 00:14:07

Health: -6/89      AC:  5    Str:  7    XL:     11   Next: 20%
Gold:   202        EV: 12    Int: 18    God:
                   SH:  0    Dex: 17

rFire   + + .        a - +3 long sword of Junu {freeze, rN+}
rCold   x . .        (no shield)
rNeg    + . .        e - +0 troll leather armour
rPois   ∞            m - +0 helmet
rElec   .            (no cloak)
rCorr   .            u - +0 pair of gloves
SInv    +            (boots unavailable)
Will    ++...        (no amulet)
Stlth   +            v - ring of see invisible
HPRegen 1.14/turn    W - ring of willpower
MPRegen 0.00/turn

%: infuse magic (-7 HP)
@: flying
A: sickness immunity, fire resistance 2, cold vulnerability 1, float, innate
caster, HP casting, extra vitality 1
a: no special abilities


You were on level 9 of the Dungeon.
You visited 1 branch of the dungeon, and saw 9 of its levels.

You collected 700 gold pieces.
You spent 498 gold pieces at shops.


Innate Abilities, Weirdness & Mutations

You are immune to sickness and miasma.
You are immune to poison.
Your flesh is very heat resistant. (rF++)
You are vulnerable to cold. (rC-)
You float through the air rather than walking.
You learn spells naturally, not from books.
Your magical power is your life essence.
You have superior vitality. (+4 MHP)


   Skills:
 + Level 11.9 Fighting
 - Level 1.5 Ranged Weapons
 - Level 2.1 Dodging
 + Level 9.3 Spellcasting
 + Level 9.3 Conjurations
 + Level 9.3 Hexes
 + Level 9.3 Summonings
 + Level 9.3 Necromancy
 + Level 9.3 Translocations
 + Level 9.3 Fire Magic
 + Level 9.3 Ice Magic
 + Level 9.3 Air Magic
 + Level 9.3 Earth Magic
 + Level 9.3 Alchemy


You knew the following spells:

 Your Spells              Type           Power      Damage    Failure   Level
a - Mercury Vapours       Alch/Air       84%        N/A       1%          2
c - Cause Fear            Hex            21%        N/A       2%          4
d - Lee's Rapid Deconstr  Erth           21%        3d12*     8%          5
e - Freeze                Ice            100%       1d10      1%          1
f - Inner Flame           Hex/Fire       42%        N/A       1%          3
l - Call Canine Familiar  Summ           42%        N/A       1%          3
w - Stone Arrow           Conj/Erth      84%        3d12      1%          3
X - Jinxbite              Hex            84%        N/A       1%          2
Y - Sigil of Binding      Hex            42%        N/A       1%          3
Z - Dimensional Bullseye  Hex/Tloc       21%        N/A       2%          4
Your spell library was empty.

Inventory:

Hand Weapons
 a - the +3 long sword of Junu (weapon) {freeze, rN+}
   (You bought it in a shop on level 6 of the Dungeon)

   rN+:       It protects you from negative energy.
Armour
 e - a +0 troll leather armour (worn)
 m - a +0 helmet (worn)
 u - a +0 pair of gloves (worn)
 H - a scarf of shadows
 I - a +0 cloak
Magical Staves
 o - a staff of alchemy {!a}
Jewellery
 v - a ring of see invisible (left hand)
 W - a ring of willpower (right hand)
Wands
 D - a wand of polymorph (8)
 F - a wand of light (14)
 J - a wand of mindburst (5)
Scrolls
 b - a scroll of poison
 f - 3 scrolls of revelation
 g - 2 scrolls of blinking {unknown}
 j - 5 scrolls of enchant armour {unknown}
 n - 2 scrolls of vulnerability {unknown}
 q - 3 scrolls of enchant weapon {unknown}
 s - a scroll of amnesia {unknown}
 t - a scroll of fear
 x - 3 scrolls of teleportation {unknown}
 z - 3 scrolls of fog {unknown}
 E - a scroll of noise {unknown}
Potions
 c - a potion of invisibility {unknown}
 d - 3 potions of resistance
 h - 2 potions of curing {@q1}
 i - a potion of magic {unknown}
 k - a potion of brilliance
 l - 2 potions of lignification
 p - 4 potions of haste {@q3}
 r - a potion of berserk rage {!q}
 w - 2 potions of heal wounds {@q2}
 y - a potion of attraction
 A - a potion of might {unknown}
 B - a potion of enlightenment {unknown}
 C - a potion of mutation
 G - a potion of cancellation {unknown}

Dungeon Overview and Level Annotations

Branches:
Dungeon (9/15)             Temple (0/1) D:7            Lair (0/5) D:8
    Orc: D:9-12

Altars:
Fedhas
Gozag
Wu Jian
Yredelemnul
Beogh

Shops:
D:2 (   D:4 *   D:5 =!   D:6 (   D:7 ? D:9

( ....).. ▒▒▒▒▒§§§)#)
▒.....§#☼☼)#.#
▒▒▒▒▒▒........☼#...
.................###
.............#.....##
..............§§#§#.####
......).).....#○○#.###"#
.......∩.......#@§##..##
.......:)...........###
...▒▒.......#...#.#####
▒▒▒▒..................▒
.........▒............▒
.........▒.▒▒▒▒▒▒▒▒...▒
.........▒.▒ ▒...▒
.........▒.▒ ▒..▒▒
.........▒.▒ ▒..▒


There were no monsters in sight!


Message History

The wall shatters!
The blast of rock fragments hits the two-headed ogre!!
Flame seeps out of the two-headed ogre.
The two-headed ogre is almost dead.
* * * LOW HITPOINT WARNING * * *
The two-headed ogre is engulfed in blazing flames.
Flame seeps out of the two-headed ogre.
The two-headed ogre hits you with a +0 dire flail!
* * * LOW HITPOINT WARNING * * *
The two-headed ogre misses you.
Unknown command.
Unknown command.
Casting: Lee's Rapid Deconstruction (dangerous; 8% risk of failure)
Confirm with . or Enter, or press ? or * to list all spells.
Aiming: Lee's Rapid Deconstruction (dangerous; 8% risk of failure)
Press: ? - help, Dir - move target A rock wall.
The wall shatters!
The blast of rock fragments hits the two-headed ogre!
Flame seeps out of the two-headed ogre.
The two-headed ogre is moderately wounded.
The blast of rock fragments hits the two-headed ogre!
* * * LOW HITPOINT WARNING * * *
The two-headed ogre explodes!
The fiery explosion engulfs the two-headed ogre!!!
The fiery explosion engulfs you! You resist.
* * * LOW HITPOINT WARNING * * *
The two-headed ogre explodes!
The fiery explosion engulfs you! You resist.
You die...

Skill      XL: |  1  2  3  4  5  6  7  8  9 10 |
---------------+-------------------------------+-----
Spellcasting   | 3 4 5 6 7 9 |  9.3
Conjurations   | 3 4 5 6 7 9 |  9.3
Hexes          | 3 4 5 6 7 9 |  9.3
Summonings     | 3 4 5 6 7 9 |  9.3
Necromancy     | 3 4 5 6 7 9 |  9.3
Translocations | 3 4 5 6 7 9 |  9.3
Fire Magic     | 3 4 5 6 7 9 |  9.3
Ice Magic      | 3 4 5 6 7 9 |  9.3
Air Magic      | 3 4 5 6 7 9 |  9.3
Earth Magic    | 3 4 5 6 7 9 |  9.3
Alchemy        | 3 4 5 6 7 9 |  9.3
Fighting       | 2 4 6 7 9 11 | 11.9
Ranged Weapons | |  1.5
Dodging        | |  2.1

Action                     |  1- 3 |  4- 6 |  7- 9 | 10-12 || total
---------------------------+-------+-------+-------+-------++-------
  Melee: Unarmed           |       |       |       |    11 ||    11
   Fire: Sling             |    65 |    77 |   163 |       ||   305
   Cast: Jinxbite          |     1 |    14 |    29 |       ||    44
         Inner Flame       |       |     1 |    59 |    48 ||   108
         Freeze            |       |       |     6 |       ||     6
         Call Canine Famil |       |       |     1 |       ||     1
         Stone Arrow       |       |       |    34 |    58 ||    92
         Lee's Rapid Decon |       |       |       |    12 ||    12
    Use: Scroll            |       |       |       |     8 ||     8
 Armour: Robe              |    11 |    45 |    66 |       ||   122
         Steam dragon scal |       |       |     4 |     4 ||     8
         Troll leather arm |       |       |       |    43 ||    43
         Skin              |       |       |       |    11 ||    11
  Dodge: Dodged            |    16 |    31 |    43 |    27 ||   117

Levels and vault maps discovered:
D:1:      amcnicky_arrival_choice, layout_rooms
D:2:      layout_basic, serial_shops, shop, basic_altar, uniq_sigmund,
          uniq_jessica, uniq_robin
D:3:      layout_rooms, hellmonk_ecumenical_altar_defaced_shrine,
          serial_corexii_hall, corexii_hall_statues_u,
          chequers_hall_statues_corner_a, kennysheep_generic_room_11
D:4:      kennysheep_spiral_hall, layout_basic, kennysheep_mini, serial_shops,
          nicolae_stop_n_shop_1
D:5:      layout_gridville, mainiacjoe_overflow_alcove_1, serial_shops, shop,
          shop, grunt_ministairs_6, uniq_menkaure
D:6:      layout_loops_corners, serial_shops, shop
D:7:      layout_layer_cave, mainiacjoe_overflow_alcove_2,
          minmay_temple_entry_junction_2, serial_shops, shop, serial_rivers,
          chequers_serial_rivers_marsh, chequers_serial_rivers_large_a,
          chequers_serial_rivers_micro_c, chequers_serial_rivers_micro_a,
          chequers_serial_rivers_marsh, chequers_serial_rivers_small_b
D:8:      layout_gridville, erik_lair_island,
          hangedman_abyss_or_decor_lesser_grid, uniq_maurice, uniq_jeremiah,
          uniq_maggie, uniq_psyche, uniq_erica
D:9:      layout_irregular_city, kennysheep_mini_moat, minitemple, serial_shops,
          shop, nicolae_shop_back_alley_shop, nicolae_shop_scrapyard,
          minmay_increasing_density

Notes
Turn   | Place    | Note
-------+----------+-------------------------------------------
     0 | D:1      | cforsyth the Djinni Hexslinger began the quest for the Orb.
     0 | D:1      | cforsyth set off with the following spells memorised:
                  | Jinxbite, Sigil of Binding, Inner Flame, Cause Fear,
                  | Dimensional Bullseye.
     0 | D:1      | Reached XP level 1. HP: 17/17 MP: 0/0
    57 | D:1      | Reached XP level 2. HP: 22/22 MP: 0/0
   111 | D:1      | Reached skill level 3 in Spellcasting
   111 | D:1      | Reached skill level 3 in Conjurations
   111 | D:1      | Reached skill level 3 in Hexes
   111 | D:1      | Reached skill level 3 in Summonings
   111 | D:1      | Reached skill level 3 in Necromancy
   111 | D:1      | Reached skill level 3 in Translocations
   111 | D:1      | Reached skill level 3 in Fire Magic
   111 | D:1      | Reached skill level 3 in Ice Magic
   111 | D:1      | Reached skill level 3 in Air Magic
   111 | D:1      | Reached skill level 3 in Earth Magic
   111 | D:1      | Reached skill level 3 in Alchemy
   144 | D:1      | Reached skill level 2 in Fighting
   144 | D:1      | Reached XP level 3. HP: 28/28 MP: 0/0
   144 | D:1      | Learned a level 1 spell: Freeze
   509 | D:2      | Noticed Jessica
   513 | D:2      | Killed Jessica
   514 | D:2      | Reached XP level 4. HP: 33/34 MP: 0/0
   528 | D:2      | Reached skill level 3 in Fighting
   584 | D:2      | Found an opulent altar of Gozag.
   645 | D:2      | Found Munt's Weapon Shop.
   786 | D:2      | Noticed Sigmund
   789 | D:2      | Killed Sigmund
   790 | D:2      | Reached skill level 4 in Fighting
   790 | D:2      | Reached skill level 4 in Spellcasting
   790 | D:2      | Reached skill level 4 in Conjurations
   790 | D:2      | Reached skill level 4 in Hexes
   790 | D:2      | Reached skill level 4 in Summonings
   790 | D:2      | Reached skill level 4 in Necromancy
   790 | D:2      | Reached skill level 4 in Translocations
   790 | D:2      | Reached skill level 4 in Fire Magic
   790 | D:2      | Reached skill level 4 in Ice Magic
   790 | D:2      | Reached skill level 4 in Air Magic
   790 | D:2      | Reached skill level 4 in Earth Magic
   790 | D:2      | Reached skill level 4 in Alchemy
   790 | D:2      | Reached XP level 5. HP: 30/41 MP: 0/0
   790 | D:2      | Learned a level 2 spell: Mercury Vapours
   790 | D:2      | Reached XP level 6. HP: 34/47 MP: 0/0
   875 | D:2      | Noticed Robin
  1021 | D:1      | Killed Robin
  1794 | D:3      | Reached XP level 7. HP: 50/53 MP: 0/0
  1794 | D:3      | Learned a level 3 spell: Call Canine Familiar
  2151 | D:3      | Found a roughly hewn altar of Beogh.
  2170 | D:3      | Found a faded altar of an unknown god.
  2383 | D:4      | Reached skill level 5 in Fighting
  2798 | D:4      | Found Hothrouk's General Store.
  2824 | D:4      | Bought a scroll of fear for 40 gold pieces
  2951 | D:4      | Reached skill level 5 in Spellcasting
  2951 | D:4      | Reached skill level 5 in Conjurations
  2951 | D:4      | Reached skill level 5 in Hexes
  2951 | D:4      | Reached skill level 5 in Summonings
  2951 | D:4      | Reached skill level 5 in Necromancy
  2951 | D:4      | Reached skill level 5 in Translocations
  2951 | D:4      | Reached skill level 5 in Fire Magic
  2951 | D:4      | Reached skill level 5 in Ice Magic
  2951 | D:4      | Reached skill level 5 in Air Magic
  2951 | D:4      | Reached skill level 5 in Earth Magic
  2951 | D:4      | Reached skill level 5 in Alchemy
  3161 | D:4      | Found a basalt altar of Yredelemnul.
  3258 | D:5      | Entered Level 5 of the Dungeon
  3258 | D:5      | Found Gocwukhli's Distillery.
  3261 | D:5      | Bought a potion of heal wounds for 70 gold pieces
  3380 | D:5      | Reached skill level 6 in Fighting
  3380 | D:5      | Reached XP level 8. HP: 59/61 MP: 0/0
  3572 | D:5      | Noticed Menkaure
  3575 | D:5      | Killed Menkaure
  3595 | D:5      | Found Otwesk's Jewellery Shoppe.
  3673 | D:5      | Found a blossoming altar of Fedhas.
  3697 | D:5      | Reached skill level 7 in Fighting
  3839 | D:5      | Reached skill level 6 in Spellcasting
  3839 | D:5      | Reached skill level 6 in Conjurations
  3839 | D:5      | Reached skill level 6 in Hexes
  3839 | D:5      | Reached skill level 6 in Summonings
  3839 | D:5      | Reached skill level 6 in Necromancy
  3839 | D:5      | Reached skill level 6 in Translocations
  3839 | D:5      | Reached skill level 6 in Fire Magic
  3839 | D:5      | Reached skill level 6 in Ice Magic
  3839 | D:5      | Reached skill level 6 in Air Magic
  3839 | D:5      | Reached skill level 6 in Earth Magic
  3839 | D:5      | Reached skill level 6 in Alchemy
  4388 | D:6      | Reached XP level 9. HP: 52/68 MP: 0/0
  4388 | D:6      | Learned a level 3 spell: Stone Arrow
  5178 | D:6      | Reached skill level 8 in Fighting
  5432 | D:6      | Found Zikaroe's Antique Weapon Emporium.
  5438 | D:6      | Bought a crude long sword for 246 gold pieces
  5438 | D:6      | Identified the +3 long sword of Junu {freeze, rN+} (You
                  | bought it in a shop on level 6 of the Dungeon)
  6029 | D:7      | Found an ornate altar of the Wu Jian Council.
  6059 | D:7      | Reached skill level 7 in Spellcasting
  6059 | D:7      | Reached skill level 7 in Conjurations
  6059 | D:7      | Reached skill level 7 in Hexes
  6059 | D:7      | Reached skill level 7 in Summonings
  6059 | D:7      | Reached skill level 7 in Necromancy
  6059 | D:7      | Reached skill level 7 in Translocations
  6059 | D:7      | Reached skill level 7 in Fire Magic
  6059 | D:7      | Reached skill level 7 in Ice Magic
  6059 | D:7      | Reached skill level 7 in Air Magic
  6059 | D:7      | Reached skill level 7 in Earth Magic
  6059 | D:7      | Reached skill level 7 in Alchemy
  6076 | D:7      | Reached skill level 9 in Fighting
  6415 | D:7      | Found a staircase to the Ecumenical Temple.
  6750 | D:7      | Reached XP level 10. HP: 73/78 MP: 0/0
  6923 | D:7      | Found Ceisu's Magic Scroll Boutique.
  6926 | D:7      | Bought a scroll of revelation for 112 gold pieces
  6926 | D:7      | Bought a scroll of identify for 30 gold pieces
  6926 | D:7      | Identified 3 potions of resistance
  7415 | D:8      | Reached skill level 10 in Fighting
  7429 | D:7      | Reached skill level 8 in Spellcasting
  7429 | D:7      | Reached skill level 8 in Conjurations
  7429 | D:7      | Reached skill level 8 in Hexes
  7429 | D:7      | Reached skill level 8 in Summonings
  7429 | D:7      | Reached skill level 8 in Necromancy
  7429 | D:7      | Reached skill level 8 in Translocations
  7429 | D:7      | Reached skill level 8 in Fire Magic
  7429 | D:7      | Reached skill level 8 in Ice Magic
  7429 | D:7      | Reached skill level 8 in Air Magic
  7429 | D:7      | Reached skill level 8 in Earth Magic
  7429 | D:7      | Reached skill level 8 in Alchemy
  7841 | D:8      | Noticed Jeremiah
  7845 | D:8      | Killed Jeremiah
  8116 | D:8      | Found a staircase to the Lair.
  8119 | D:8      | Noticed Erica
  8126 | D:8      | Killed Erica
  8130 | D:8      | HP: 2/81 [electric eel/bolt of electricity (9)]
  8413 | D:8      | Noticed Psyche
  8448 | D:7      | Killed Psyche
  8449 | D:7      | Reached skill level 11 in Fighting
  8576 | D:8      | Noticed Maggie
  8584 | D:8      | Killed Maggie
  8676 | D:8      | Noticed Maurice
  8683 | D:8      | Killed Maurice
  8684 | D:8      | Reached skill level 9 in Spellcasting
  8684 | D:8      | Reached skill level 9 in Conjurations
  8684 | D:8      | Reached skill level 9 in Hexes
  8684 | D:8      | Reached skill level 9 in Summonings
  8684 | D:8      | Reached skill level 9 in Necromancy
  8684 | D:8      | Reached skill level 9 in Translocations
  8684 | D:8      | Reached skill level 9 in Fire Magic
  8684 | D:8      | Reached skill level 9 in Ice Magic
  8684 | D:8      | Reached skill level 9 in Air Magic
  8684 | D:8      | Reached skill level 9 in Earth Magic
  8684 | D:8      | Reached skill level 9 in Alchemy
  8684 | D:8      | Reached XP level 11. HP: 61/87 MP: 0/0
  8684 | D:8      | Learned a level 5 spell: Lee's Rapid Deconstruction
  9101 | D:9      | Found Curuqy's Weapon Shop.
  9148 | D:9      | Noticed a two-headed ogre
  9154 | D:9      | Noticed a two-headed ogre
  9160 | D:9      | Killed a two-headed ogre
  9160 | D:9      | Killed a two-headed ogre
  9160 | D:9      | HP: 5/89 [spore (7)]
  9160 | D:9      | Killed by an exploding two-headed ogre... ignited by their
                  | inner flame

Vanquished Creatures
  Erica (D:8)
  2 two-headed ogres (D:9)
  Maurice (D:8)
  Jeremiah (D:8)
  Maggie (D:8)
  Psyche (D:7)
  A troll (D:8)
  A shadow (D:7)
  Sigmund (D:2)
  A wyvern (D:9)
  A yak (D:9)
  A steam dragon (D:6)
  Menkaure (D:5)
  An acid dragon (D:9)
  3 water moccasins
  3 sky beasts (D:7)
  A black bear (D:4)
  3 wolves (D:8)
  2 centaurs
  A gnoll sergeant (D:6)
  3 kobold brigands
  5 bullfrogs
  3 scorpions
  8 wights
  2 electric eels (D:8)
  4 howler monkeys
  A bombardier beetle (D:5)
  3 jellies
  11 hounds
  A gnoll bouda (D:9)
  An orc priest (D:7)
  A sleepcap (D:5)
  Jessica (D:2)
  3 iguanas
  7 orc wizards
  Robin (D:1)
  4 gnolls (D:6)
  6 adders
  A white imp (D:7)
  2 ufetubi (D:6)
  2 dart slugs
  15 orcs
  4 bats
  10 endoplasms
  8 giant cockroaches
  22 goblins
  10 hobgoblins
  2 jackals (D:1)
  20 kobolds
  A quokka (D:3)
  9 ball pythons
  5 rats
204 creatures vanquished.

Table legend: (Time is in decaauts)
 A = Elapsed time spent in this place.
 B = Non-inter-level travel time spent in this place.
 C = Inter-level travel time spent in this place.
 D = Time resting spent in this place.
 E = Time spent auto-exploring this place.
 F = Levels seen in this place.
 G = Mean time per level.
                   A        B        C        D        E       F      G
               +--------+--------+--------+--------+--------+-----+--------+
         Total |   9263 |   9081 |    182 |   1551 |   6137 |   9 | 1029.2 |
       Dungeon |   9263 |   9081 |    182 |   1551 |   6137 |   9 | 1029.2 |
               +--------+--------+--------+--------+--------+-----+--------+

Top non-repeatable levels by time:
     D:7: 1892 daAuts
     D:6: 1662 daAuts
     D:8: 1105 daAuts
     D:5: 1025 daAuts
     D:2: 938 daAuts
     D:1: 900 daAuts
     D:4: 804 daAuts
     D:3: 689 daAuts
     D:9: 244 daAuts

Table legend:
 A = Non-vault XP
 B = Vault XP
 C = Vault XP percentage of total XP
 D = Non-vault monster count
 E = Vault monster count
 F = Vault count percentage of total count
                 A         B        C        D         E       F
            +---------+---------+-------+---------+---------+-------
      Total |    5914 |    5105 |  46.3 |     162 |      42 |  20.6
            +---------+---------+-------+---------+---------+-------
        D:1 |      63 |      38 |  37.6 |      22 |       9 |  29.0
        D:2 |     151 |     265 |  63.7 |      19 |       6 |  24.0
        D:3 |      61 |       8 |  11.6 |      17 |       2 |  10.5
        D:4 |     343 |      23 |   6.3 |      18 |       4 |  18.2
        D:5 |     629 |     220 |  25.9 |      12 |       3 |  20.0
        D:6 |     744 |       0 |   0.0 |      18 |       0 |   0.0
        D:7 |    1662 |     359 |  17.8 |      28 |       1 |   3.4
        D:8 |     690 |    2924 |  80.9 |       9 |      12 |  57.1
        D:9 |    1571 |    1268 |  44.7 |      19 |       5 |  20.8
            +---------+---------+-------+---------+---------+-------
